Edmonton Oilers vs Los Angeles Kings

Created - samedi 5 janvier 2019 at 19:00

Goals
1 2 3 T
Edmonton Oilers 0 0 2 2
Los Angeles Kings 0 0 1 1
Shots
1 2 3 T
Edmonton Oilers 4 10 6 20
Los Angeles Kings 8 9 5 22

1st period

No Goal

Penalties :
Joel Armia (EDM) for Cross-checking (Minor) at 13:38

2nd period

No Goal

Penalties :
Joel Armia (EDM) for Holding (Minor) at 3:10, Derek Dorsett (LAK) for High sticking (Minor) at 5:50

3rd period

1. Edmonton Oilers , Josh Bailey 16 (Brock Nelson 7) at 4:30
2. Edmonton Oilers , Valtteri Filppula 10 (Josh Bailey 17, Brock Nelson 8) at 4:45
3. Los Angeles Kings , Nick Shore 14 (Adrian Kempe 7, Jake Muzzin 16) at 16:33

Penalties :
Oscar Fantenberg (LAK) for Holding (Minor) at 6:40, Tanner Pearson (LAK) for Hooking (Minor) at 11:12, Joel Armia (EDM) for Goalie Interference (Minor) at 16:38

Goalie Stats

Kari Lehtonen (EDM), 21 saves from 22 shots - (0.955), W, 13-13-2, 60:00 minutes
Jonathan Quick (LAK), 18 saves from 20 shots - (0.900), L, 25-14-4, 58:53 minutes

Players Stats for Edmonton Oilers

Player Name              G  A  P  +/- PIM S  H  SB GA TA FO     MP     PP MP  PK MP  
------------------------------------------------------------------------------------
Brandon Davidson         0  0  0   0  0   2  1  1  0  0  0/0    15:28   0:00   0:00 
Brock Nelson             0  2  2   2  0   0  4  0  0  1  0/1    15:45   2:44   1:17 
Calvin de Haan           0  0  0   2  0   0  1  0  0  2  0/0    22:31   2:45   3:02 
Connor McDavid           0  0  0  -1  0   4  1  0  1  0  19/23  19:14   3:13   2:29 
Drake Caggiula           0  0  0   0  0   1  1  0  0  0  2/5    11:17   0:00   0:00 
Erik Gudbranson          0  0  0   0  0   0  1  0  1  0  0/0    18:07   0:00   3:02 
Erik Gustafsson          0  0  0   2  0   0  0  1  0  0  0/0    17:56   3:12   0:00 
Jake DeBrusk             0  0  0  -1  0   1  4  0  0  0  0/0    15:52   3:06   0:00 
Joel Armia               0  0  0   0  6   0  1  0  0  0  0/1    12:14   0:04   0:00 
Jordan Eberle            0  0  0  -1  0   0  1  0  1  1  2/2    15:31   2:44   0:00 
Jordan Oesterle          0  0  0  -1  0   0  3  0  0  0  0/0    22:20   2:45   2:55 
Josh Bailey              1  1  2   2  0   3  1  1  2  0  0/0    14:58   3:09   0:00 
Milan Lucic              0  0  0   0  0   1  4  1  1  0  0/0    12:18   0:00   0:28 
Sam Gagner               0  0  0   0  0   1  1  0  0  0  2/6    13:17   2:44   0:00 
Tobias Rieder            0  0  0   0  0   2  3  1  0  0  0/0    13:49   0:00   2:14 
Tyler Pitlick            0  0  0   0  0   3  1  1  0  0  0/0    13:46   0:00   2:29 
Valtteri Filppula        1  0  1   2  0   2  3  0  0  0  4/7    15:59   0:07   2:57 
Zach Werenski            0  0  0  -1  0   0  1  3  0  1  0/0    23:38   3:12   2:55 

Players Stats for Los Angeles Kings

Player Name              G  A  P  +/- PIM S  H  SB GA TA FO     MP     PP MP  PK MP  
------------------------------------------------------------------------------------
Adrian Kempe             0  1  1   0  0   1  1  0  0  0  0/0    13:41   0:00   2:42 
Alec Martinez            0  0  0   0  0   0  1  0  0  0  0/0    24:38   3:28   3:03 
Alex Iafallo             0  0  0   0  0   0  1  0  0  1  0/0    10:58   0:00   0:00 
Anze Kopitar             0  0  0  -1  0   4  0  0  0  0  9/19   17:53   3:09   0:29 
Derek Dorsett            0  0  0   0  2   0  1  0  0  0  0/2    10:23   0:00   0:29 
Drew Doughty             0  0  0   0  0   2  2  0  0  1  0/0    22:13   3:28   0:47 
Dustin Brown             0  0  0  -1  0   2  1  2  0  0  2/4    20:07   3:09   2:46 
Gustav Forsling          0  0  0   0  0   0  1  3  1  0  0/0    20:08   2:29   2:28 
Jake Muzzin              0  1  1  -1  0   2  3  1  2  0  0/0    18:32   2:29   0:26 
Jeff Carter              0  0  0   0  0   2  2  0  0  0  1/10   15:49   2:48   0:00 
Kyle Clifford            0  0  0   0  0   1  3  0  0  0  0/1     9:51   0:00   0:00 
Marian Gaborik           0  0  0   0  0   0  6  1  0  1  0/0    19:36   2:48   2:46 
Nick Shore               1  0  1   0  0   4  0  0  0  0  2/5    13:48   0:07   2:42 
Oscar Fantenberg         0  0  0   0  2   0  1  0  0  1  0/0    16:26   0:00   2:16 
Ryan Murphy              0  0  0  -1  0   1  0  1  1  2  0/0    18:03   0:00   2:54 
Tanner Pearson           0  0  0   0  2   2  4  1  0  0  1/3    15:50   2:48   0:00 
Trevor Lewis             0  0  0   0  0   1  1  0  1  0  0/0     9:51   0:00   0:00 
Tyler Toffoli            0  0  0  -1  0   0  0  0  0  0  1/1    16:13   3:02   0:00 

3 Stars

1 - Josh Bailey (EDM)
2 - Brock Nelson (EDM)
3 - Valtteri Filppula (EDM)

Power Play

Edmonton Oilers - 0 on 3 Attempt(s) - 0.00%
Los Angeles Kings - 0 on 3 Attempt(s) - 0.00%

Penalty Kill

Edmonton Oilers - 3 on 3 Attempt(s) - 100.00% - Score 0 goal in Penalty Kill
Los Angeles Kings - 3 on 3 Attempt(s) - 100.00% - Score 0 goal in Penalty Kill

Team Stat

Edmonton Oilers - Hits : 32 - Faceoff Wins : 29 - Blocked Shots : 9 - Penalty Minutes : 6
Los Angeles Kings - Hits : 28 - Faceoff Wins : 16 - Blocked Shots : 9 - Penalty Minutes : 6

Official

Referees : Francis Charron and Trevor Hanson
Linesman : Ryan Galloway and Greg Devorski

Game Notes

No Game Note

Finance

Level 1 -- Attendance: 10300 (100.00%) -- Ticket Income fr. 824'000
Level 2 -- Attendance: 1795 (85.48%) -- Ticket Income fr. 116'675
Level 3 -- Attendance: 2923 (81.19%) -- Ticket Income fr. 102'305
Level 4 -- Attendance: 1406 (96.97%) -- Ticket Income fr. 28'120
Luxury Box -- Attendance: 48 (96.00%) -- Ticket Income fr. 9'600
Game was played at the Staples Center.
Total Attendance: 16472 (94.13%)
Total Ticket Income: fr. 1'080'700
Total Income: fr. 1'080'700

Edmonton Oilers

5 vs 5 Forward 
   Center                   Left Wing                Right Wing               Time % Phy DF OF 
 1 Connor McDavid           Jake DeBrusk             Jordan Eberle            28     1   2  2  
 2 Valtteri Filppula        Brock Nelson             Josh Bailey              26     1   2  2  
 3 Sam Gagner               Tobias Rieder            Joel Armia               23     1   3  1  
 4 Drake Caggiula           Milan Lucic              Tyler Pitlick            23     3   2  0  

5 vs 5 Defense 
   Defense                  Defense                                           Time % Phy DF OF 
 1 Zach Werenski            Jordan Oesterle                                   35     1   2  2  
 2 Calvin de Haan           Erik Gustafsson                                   35     1   3  1  
 3 Brandon Davidson         Erik Gudbranson                                   30     2   3  0  
 4 Zach Werenski            Calvin de Haan                                    0      1   2  2  

PowerPlay Forward 
   Center                   Left Wing                Right Wing               Time % Phy DF OF 
 1 Connor McDavid           Jake DeBrusk             Josh Bailey              55     0   0  5  
 2 Sam Gagner               Brock Nelson             Jordan Eberle            45     0   0  5  

PowerPlay Defense
   Defense                  Defense                                           Time % Phy DF OF 
 1 Zach Werenski            Erik Gustafsson                                   50     0   1  4  
 2 Calvin de Haan           Jordan Oesterle                                   50     0   1  4  

Penalty Kill 4 Players Forward 
   Center                   Wing                     Time % Phy DF OF 
 1 Valtteri Filppula        Joel Armia               50     1   4  0  
 2 Connor McDavid           Tyler Pitlick            50     1   3  1  

Penalty Kill 4 Players Defense
   Defense                  Defense                  Time % Phy DF OF 
 1 Calvin de Haan           Erik Gudbranson          50     1   4  0  
 2 Zach Werenski            Jordan Oesterle          50     1   4  0  

Penalty Kill - 3 Players Forward 
   Forward                                           Time % Phy DF OF 
 1 Joel Armia                                        50     0   5  0  
 2 Valtteri Filppula                                 50     0   5  0  

Penalty Kill - 3 Players Defense
   Defense                  Defense                  Time % Phy DF OF 
 1 Erik Gudbranson          Calvin de Haan           50     0   5  0  
 2 Brandon Davidson         Zach Werenski            50     0   5  0  

4 vs 4 Forward 
   Center                   Wing                     Time % Phy DF OF 
 1 Connor McDavid           Josh Bailey              50     1   1  3  
 2 Valtteri Filppula        Jordan Eberle            50     1   2  2  

4 vs 4 Defense
   Defense                  Defense                  Time % Phy DF OF 
 1 Zach Werenski            Calvin de Haan           50     1   2  2  
 2 Erik Gudbranson          Brandon Davidson         50     1   3  1  

Last Minutes Offensive
   Center                   Left Wing                Right Wing               Defense                  Defense                  
   Connor McDavid           Jordan Eberle            Josh Bailey              Zach Werenski            Erik Gustafsson          

Last Minutes Defensive
   Center                   Left Wing                Right Wing               Defense                  Defense                  
   Connor McDavid           Valtteri Filppula        Joel Armia               Zach Werenski            Calvin de Haan           

Goaltenders
Starting : Kari Lehtonen            
Backup : Ondrej Pavelec           

Extra Forwards
Normal : Connor McDavid, Milan Lucic, Sam Gagner - PP : Connor McDavid, Valtteri Filppula - PK : Tobias Rieder
Extra Defensemen
Normal : Erik Gustafsson, Zach Werenski, Calvin de Haan - PP : Zach Werenski - PK : Zach Werenski, Erik Gudbranson
Penalty Shots
Brock Nelson, Connor McDavid, Jordan Eberle, Jake DeBrusk, Zach Werenski
Custom OT Lines Forwards
Connor McDavid, Josh Bailey, Jordan Eberle, Sam Gagner, Jake DeBrusk, Milan Lucic, Valtteri Filppula, Brock Nelson, Tobias Rieder, Joel Armia
Custom OT Lines Defensemen
Zach Werenski, Calvin de Haan, Erik Gustafsson, Jordan Oesterle, Erik Gudbranson

Scratches
Brad Hunt (Healthy), Johnny Oduya (Healthy), Brendan Perlini (Healthy)

Los Angeles Kings

5 vs 5 Forward 
   Center                   Left Wing                Right Wing               Time % Phy DF OF 
 1 Anze Kopitar             Dustin Brown             Tyler Toffoli            29     0   1  4  
 2 Jeff Carter              Tanner Pearson           Marian Gaborik           29     0   1  4  
 3 Nick Shore               Alex Iafallo             Adrian Kempe             24     0   2  3  
 4 Derek Dorsett            Trevor Lewis             Kyle Clifford            18     0   3  2  

5 vs 5 Defense 
   Defense                  Defense                                           Time % Phy DF OF 
 1 Drew Doughty             Alec Martinez                                     40     0   1  4  
 2 Jake Muzzin              Ryan Murphy                                       35     0   2  3  
 3 Gustav Forsling          Oscar Fantenberg                                  25     0   2  3  
 4 Ryan Murphy              Gustav Forsling                                   0      1   2  2  

PowerPlay Forward 
   Center                   Left Wing                Right Wing               Time % Phy DF OF 
 1 Anze Kopitar             Dustin Brown             Tyler Toffoli            50     0   1  4  
 2 Jeff Carter              Tanner Pearson           Marian Gaborik           50     0   1  4  

PowerPlay Defense
   Defense                  Defense                                           Time % Phy DF OF 
 1 Drew Doughty             Alec Martinez                                     50     0   1  4  
 2 Jake Muzzin              Gustav Forsling                                   50     0   1  4  

Penalty Kill 4 Players Forward 
   Center                   Wing                     Time % Phy DF OF 
 1 Nick Shore               Adrian Kempe             50     0   3  2  
 2 Dustin Brown             Marian Gaborik           50     0   3  2  

Penalty Kill 4 Players Defense
   Defense                  Defense                  Time % Phy DF OF 
 1 Gustav Forsling          Ryan Murphy              50     0   3  2  
 2 Alec Martinez            Oscar Fantenberg         50     0   3  2  

Penalty Kill - 3 Players Forward 
   Forward                                           Time % Phy DF OF 
 1 Anze Kopitar                                      50     0   4  1  
 2 Nick Shore                                        50     0   4  1  

Penalty Kill - 3 Players Defense
   Defense                  Defense                  Time % Phy DF OF 
 1 Drew Doughty             Oscar Fantenberg         50     0   4  1  
 2 Ryan Murphy              Gustav Forsling          50     0   4  1  

4 vs 4 Forward 
   Center                   Wing                     Time % Phy DF OF 
 1 Adrian Kempe             Alex Iafallo             50     0   2  3  
 2 Nick Shore               Marian Gaborik           50     0   2  3  

4 vs 4 Defense
   Defense                  Defense                  Time % Phy DF OF 
 1 Drew Doughty             Alec Martinez            50     0   2  3  
 2 Gustav Forsling          Ryan Murphy              50     0   2  3  

Last Minutes Offensive
   Center                   Left Wing                Right Wing               Defense                  Defense                  
   Anze Kopitar             Dustin Brown             Marian Gaborik           Alec Martinez            Drew Doughty             

Last Minutes Defensive
   Center                   Left Wing                Right Wing               Defense                  Defense                  
   Nick Shore               Trevor Lewis             Derek Dorsett            Gustav Forsling          Oscar Fantenberg         

Goaltenders
Starting : Jonathan Quick           
Backup : Steve Mason              

Extra Forwards
Normal : Jeff Carter, Anze Kopitar, Dustin Brown - PP : Nick Shore, Alex Iafallo - PK : Nick Shore
Extra Defensemen
Normal : Gustav Forsling, Ryan Murphy, Oscar Fantenberg - PP : Alec Martinez - PK : Ryan Murphy, Gustav Forsling
Penalty Shots
Anze Kopitar, Adrian Kempe, Jeff Carter, Dustin Brown, Marian Gaborik
Custom OT Lines Forwards
Anze Kopitar, Dustin Brown, Tyler Toffoli, Marian Gaborik, Jeff Carter, Tanner Pearson, Adrian Kempe, Alex Iafallo, Trevor Lewis, Nick Shore
Custom OT Lines Defensemen
Drew Doughty, Oscar Fantenberg, Ryan Murphy, Alec Martinez, Gustav Forsling

Scratches
Andy Andreoff (Healthy), Oskar Sundqvist (Healthy), Jonny Brodzinski (Healthy)

% Time on Ice - Edmonton Oilers

Lines # - Real PCT - Wanted PCT - Time Play
Normal Forward
1 - 29% - 28% - 13:52
2 - 25% - 26% - 11:50
3 - 22% - 23% - 10:40
4 - 24% - 23% - 11:17
Normal Defense
1 - 34% - 35% - 16:26
2 - 32% - 35% - 15:07
3 - 33% - 30% - 15:38
4 - 1% - 0% - 0:28
PP Forward
1 - 54% - 55% - 3:13
2 - 46% - 45% - 2:44
PP Defense
1 - 54% - 50% - 3:12
2 - 46% - 50% - 2:45
PK Forward
1 - 58% - 50% - 3:28
2 - 42% - 50% - 2:29
PK Defense
1 - 51% - 50% - 3:02
2 - 49% - 50% - 2:55
PK3 Forward
1 - 0% - 50%
2 - 0% - 50%
PK3 Defense
1 - 0% - 50%
2 - 0% - 50%
44 Forward
1 - 0% - 50%
2 - 0% - 50%
44 Defense
1 - 0% - 50%
2 - 0% - 50%
Last Minute Offensive  - 0:00
Last Minute Defensive  - 0:27
Total
Forward - 60:00
Defense - 60:00

% Time on Ice - Los Angeles Kings

Lines # - Real PCT - Wanted PCT - Time Play
Normal Forward
1 - 28% - 29% - 13:13
2 - 28% - 29% - 13:03
3 - 23% - 24% - 10:58
4 - 21% - 18% - 9:51
Normal Defense
1 - 39% - 40% - 18:20
2 - 34% - 35% - 15:55
3 - 25% - 25% - 11:49
4 - 2% - 0% - 1:01
PP Forward
1 - 53% - 50% - 3:09
2 - 47% - 50% - 2:48
PP Defense
1 - 58% - 50% - 3:28
2 - 42% - 50% - 2:29
PK Forward
1 - 50% - 50% - 2:59
2 - 50% - 50% - 2:58
PK Defense
1 - 41% - 50% - 2:28
2 - 59% - 50% - 3:29
PK3 Forward
1 - 0% - 50%
2 - 0% - 50%
PK3 Defense
1 - 0% - 50%
2 - 0% - 50%
44 Forward
1 - 0% - 50%
2 - 0% - 50%
44 Defense
1 - 0% - 50%
2 - 0% - 50%
Last Minute Offensive  - 1:01
Last Minute Defensive  - 0:00
Total
Forward - 60:00
Defense - 60:00

Play-by-Play

1st period


0:01 of 1st period - Anze Kopitar wins face-off versus Connor McDavid in neutral zone.
0:26 of 1st period - Marian Gaborik is hit by Brock Nelson and loses puck.
1:12 of 1st period - Slapshot by Drew Doughty.
1:12 of 1st period - Shot Blocked by Erik Gustafsson.
1:18 of 1st period - Slapshot by Drew Doughty.
1:18 of 1st period - Shot Blocked by Tyler Pitlick.
1:20 of 1st period - Slapshot by Drew Doughty.
1:20 of 1st period - Deflect By Milan Lucic.
1:20 of 1st period - Stopped by Kari Lehtonen without a rebound.
1:21 of 1st period - Connor McDavid wins face-off versus Anze Kopitar in Edmonton Oilers zone.
1:26 of 1st period - Snap shot by Connor McDavid.
1:26 of 1st period - Stopped by Jonathan Quick with a rebound.
1:48 of 1st period - Erik Gudbranson is hit by Jeff Carter and loses puck.
3:11 of 1st period - Jordan Oesterle is hit by Trevor Lewis and loses puck.
3:18 of 1st period - Drew Doughty is hit by Jordan Oesterle and loses puck.
4:03 of 1st period - Snap shot by Joel Armia.
4:03 of 1st period - Shot Misses the Net.
4:05 of 1st period - Snap shot by Brandon Davidson.
4:05 of 1st period - Shot Blocked by Jake Muzzin.
4:47 of 1st period - Snap shot by Tyler Pitlick.
4:47 of 1st period - Stopped by Jonathan Quick with a rebound.
4:49 of 1st period - Slapshot by Tyler Pitlick.
4:49 of 1st period - Stopped by Jonathan Quick without a rebound.
4:50 of 1st period - Drake Caggiula wins face-off versus Nick Shore in Los Angeles Kings zone.
5:58 of 1st period - Snap shot by Adrian Kempe.
5:58 of 1st period - Stopped by Kari Lehtonen without a rebound.
5:59 of 1st period - Tanner Pearson wins face-off versus Connor McDavid in Edmonton Oilers zone.
6:04 of 1st period - Slapshot by Drew Doughty.
6:04 of 1st period - Shot Blocked by Brandon Davidson.
6:06 of 1st period - Slapshot by Drew Doughty.
6:06 of 1st period - Stopped by Kari Lehtonen without a rebound.
6:07 of 1st period - Connor McDavid wins face-off versus Jeff Carter in Edmonton Oilers zone.
7:12 of 1st period - Drew Doughty is hit by Connor McDavid.
7:34 of 1st period - Jake DeBrusk is hit by Jake Muzzin and loses puck.
7:43 of 1st period - Anze Kopitar is hit by Jordan Oesterle.
7:53 of 1st period - Oscar Fantenberg is hit by Josh Bailey and loses puck.
8:43 of 1st period - Brock Nelson is hit by Jake Muzzin and loses puck.
8:58 of 1st period - Milan Lucic is hit by Tanner Pearson and loses puck.
10:21 of 1st period - Dustin Brown is hit by Erik Gudbranson.
10:28 of 1st period - Icing by Oscar Fantenberg.
10:29 of 1st period - Sam Gagner wins face-off versus Derek Dorsett in Los Angeles Kings zone.
10:54 of 1st period - Wrist shot by Jeff Carter.
10:54 of 1st period - Stopped by Kari Lehtonen with a rebound.
11:47 of 1st period - Adrian Kempe is hit by Brandon Davidson and loses puck.
12:24 of 1st period - Slapshot by Jeff Carter.
12:24 of 1st period - Stopped by Kari Lehtonen without a rebound.
12:25 of 1st period - Connor McDavid wins face-off versus Jeff Carter in Edmonton Oilers zone.
12:30 of 1st period - Snap shot by Jordan Eberle.
12:30 of 1st period - Shot Misses the Net.
12:50 of 1st period - Valtteri Filppula is hit by Oscar Fantenberg and loses puck.
12:55 of 1st period - Snap shot by Anze Kopitar.
12:55 of 1st period - Stopped by Kari Lehtonen with a rebound.
12:57 of 1st period - Snap shot by Ryan Murphy.
12:57 of 1st period - Shot Blocked by Zach Werenski.
12:59 of 1st period - Slapshot by Ryan Murphy.
12:59 of 1st period - Deflect By Anze Kopitar.
12:59 of 1st period - Stopped by Kari Lehtonen with a rebound.
13:01 of 1st period - Slapshot by Jake Muzzin.
13:01 of 1st period - Stopped by Kari Lehtonen with a rebound.
13:03 of 1st period - Snap shot by Ryan Murphy.
13:03 of 1st period - Shot Blocked by Josh Bailey.
13:17 of 1st period - Wrist shot by Josh Bailey.
13:17 of 1st period - Stopped by Jonathan Quick without a rebound.
13:18 of 1st period - Jeff Carter wins face-off versus Sam Gagner in Los Angeles Kings zone.
13:38 of 1st period - Minor Penalty to Joel Armia for Cross-checking.
13:39 of 1st period - Anze Kopitar wins face-off versus Valtteri Filppula in Edmonton Oilers zone.
15:10 of 1st period - Tyler Toffoli is hit by Brock Nelson and loses puck.
15:38 of 1st period - Penalty to Joel Armia is over, Joel Armia is back on ice.
16:51 of 1st period - Erik Gustafsson is hit by Marian Gaborik and loses puck.
17:37 of 1st period - Trevor Lewis is hit by Joel Armia and loses puck.
17:54 of 1st period - Drew Doughty is hit by Jake DeBrusk and loses puck.
18:01 of 1st period - Brandon Davidson is hit by Tanner Pearson and loses puck.
18:29 of 1st period - Milan Lucic is hit by Gustav Forsling and loses puck.
19:04 of 1st period - Trevor Lewis is hit by Jordan Eberle and loses puck.
19:29 of 1st period - Sam Gagner is hit by Drew Doughty and loses puck.
Goals for this period are 0 for Edmonton Oilers vs 0 for Los Angeles Kings.
Shots for this period are 4 for Edmonton Oilers vs 8 for Los Angeles Kings.

2nd period


0:01 of 2nd period - Valtteri Filppula wins face-off versus Anze Kopitar in neutral zone.
0:16 of 2nd period - Snap shot by Anze Kopitar.
0:16 of 2nd period - Stopped by Kari Lehtonen with a rebound.
0:30 of 2nd period - Calvin de Haan is hit by Marian Gaborik and loses puck.
0:51 of 2nd period - Snap shot by Trevor Lewis.
0:51 of 2nd period - Shot Misses the Net.
0:59 of 2nd period - Snap shot by Connor McDavid.
0:59 of 2nd period - Stopped by Jonathan Quick with a rebound.
1:01 of 2nd period - Snap shot by Connor McDavid.
1:01 of 2nd period - Stopped by Jonathan Quick without a rebound.
1:02 of 2nd period - Anze Kopitar wins face-off versus Brock Nelson in Los Angeles Kings zone.
1:02 of 2nd period - Anze Kopitar is hit by Valtteri Filppula.
1:08 of 2nd period - Slapshot by Gustav Forsling.
1:08 of 2nd period - Shot Blocked by Zach Werenski.
1:35 of 2nd period - Jake Muzzin is hit by Milan Lucic and loses puck.
1:40 of 2nd period - Wrist shot by Milan Lucic.
1:40 of 2nd period - Shot Misses the Net.
1:56 of 2nd period - Slapshot by Ryan Murphy.
1:56 of 2nd period - Deflect By Sam Gagner.
1:56 of 2nd period - Stopped by Kari Lehtonen without a rebound.
1:57 of 2nd period - Connor McDavid wins face-off versus Anze Kopitar in Edmonton Oilers zone.
2:10 of 2nd period - Slapshot by Connor McDavid.
2:10 of 2nd period - Shot Misses the Net.
2:12 of 2nd period - Wrist shot by Connor McDavid.
2:12 of 2nd period - Shot Misses the Net.
2:56 of 2nd period - Ryan Murphy is hit by Calvin de Haan and loses puck.
3:10 of 2nd period - Minor Penalty to Joel Armia for Holding.
3:11 of 2nd period - Connor McDavid wins face-off versus Jeff Carter in Edmonton Oilers zone.
4:12 of 2nd period - Icing by Marian Gaborik.
4:13 of 2nd period - Connor McDavid wins face-off versus Jeff Carter in Los Angeles Kings zone.
4:16 of 2nd period - Snap shot by Tyler Pitlick.
4:16 of 2nd period - Stopped by Jonathan Quick with a rebound.
4:22 of 2nd period - Calvin de Haan is hit by Tanner Pearson and loses puck.
4:33 of 2nd period - Anze Kopitar is hit by Valtteri Filppula and loses puck.
4:50 of 2nd period - Calvin de Haan is hit by Marian Gaborik.
5:10 of 2nd period - Penalty to Joel Armia is over, Joel Armia is back on ice.
5:38 of 2nd period - Slapshot by Trevor Lewis.
5:38 of 2nd period - Shot Misses the Net.
5:50 of 2nd period - Minor Penalty to Derek Dorsett for High sticking.
5:51 of 2nd period - Connor McDavid wins face-off versus Nick Shore in Los Angeles Kings zone.
6:01 of 2nd period - Wrist shot by Connor McDavid.
6:01 of 2nd period - Deflect By Josh Bailey.
6:01 of 2nd period - Shot Misses the Net.
6:01 of 2nd period - Puck is out of play.
6:02 of 2nd period - Connor McDavid wins face-off versus Dustin Brown in Los Angeles Kings zone.
6:05 of 2nd period - Wrist shot by Connor McDavid.
6:05 of 2nd period - Stopped by Jonathan Quick with a rebound.
7:16 of 2nd period - Icing by Jordan Oesterle.
7:17 of 2nd period - Dustin Brown wins face-off versus Sam Gagner in Edmonton Oilers zone.
7:50 of 2nd period - Penalty to Derek Dorsett is over, Derek Dorsett is back on ice.
7:58 of 2nd period - Derek Dorsett is hit by Milan Lucic and loses puck.
8:05 of 2nd period - Snap shot by Milan Lucic.
8:05 of 2nd period - Stopped by Jonathan Quick with a rebound.
8:27 of 2nd period - Ryan Murphy is hit by Jake DeBrusk and loses puck.
8:44 of 2nd period - Snap shot by Dustin Brown.
8:44 of 2nd period - Stopped by Kari Lehtonen with a rebound.
9:12 of 2nd period - Snap shot by Tobias Rieder.
9:12 of 2nd period - Stopped by Jonathan Quick without a rebound.
9:13 of 2nd period - Nick Shore wins face-off versus Sam Gagner in Los Angeles Kings zone.
9:34 of 2nd period - Jordan Eberle is hit by Alec Martinez and loses puck.
10:55 of 2nd period - Slapshot by Tanner Pearson.
10:55 of 2nd period - Stopped by Kari Lehtonen without a rebound.
10:56 of 2nd period - Jordan Eberle wins face-off versus Jeff Carter in Edmonton Oilers zone.
11:07 of 2nd period - Backhand shot by Jeff Carter.
11:07 of 2nd period - Shot Blocked by Zach Werenski.
11:51 of 2nd period - Wrist shot by Nick Shore.
11:51 of 2nd period - Stopped by Kari Lehtonen with a rebound.
12:03 of 2nd period - Tanner Pearson is hit by Tobias Rieder and loses puck.
13:15 of 2nd period - Brandon Davidson is hit by Marian Gaborik and loses puck.
13:20 of 2nd period - Snap shot by Tanner Pearson.
13:20 of 2nd period - Shot Misses the Net.
13:32 of 2nd period - Slapshot by Josh Bailey.
13:32 of 2nd period - Shot Blocked by Gustav Forsling.
13:34 of 2nd period - Wrist shot by Valtteri Filppula.
13:34 of 2nd period - Shot Blocked by Tanner Pearson.
13:36 of 2nd period - Slapshot by Erik Gudbranson.
13:36 of 2nd period - Shot Blocked by Gustav Forsling.
13:38 of 2nd period - Slapshot by Brandon Davidson.
13:38 of 2nd period - Stopped by Jonathan Quick without a rebound.
13:39 of 2nd period - Anze Kopitar wins face-off versus Connor McDavid in Los Angeles Kings zone.
13:39 of 2nd period - Anze Kopitar is hit by Jake DeBrusk.
14:31 of 2nd period - Slapshot by Drew Doughty.
14:31 of 2nd period - Shot Misses the Net.
14:33 of 2nd period - Wrist shot by Kyle Clifford.
14:33 of 2nd period - Stopped by Kari Lehtonen without a rebound.
14:34 of 2nd period - Connor McDavid wins face-off versus Derek Dorsett in Edmonton Oilers zone.
15:26 of 2nd period - Slapshot by Alex Iafallo.
15:26 of 2nd period - Deflect By Brandon Davidson.
15:26 of 2nd period - Shot Misses the Net.
15:26 of 2nd period - Puck is out of play.
15:27 of 2nd period - Connor McDavid wins face-off versus Jeff Carter in Edmonton Oilers zone.
16:01 of 2nd period - Icing by Ryan Murphy.
16:02 of 2nd period - Tyler Toffoli wins face-off versus Joel Armia in Los Angeles Kings zone.
16:02 of 2nd period - Tyler Toffoli is hit by Zach Werenski.
16:10 of 2nd period - Wrist shot by Dustin Brown.
16:10 of 2nd period - Shot Misses the Net.
16:30 of 2nd period - Wrist shot by Tanner Pearson.
16:30 of 2nd period - Shot Misses the Net.
16:32 of 2nd period - Backhand shot by Tanner Pearson.
16:32 of 2nd period - Stopped by Kari Lehtonen without a rebound.
16:33 of 2nd period - Valtteri Filppula wins face-off versus Jeff Carter in Edmonton Oilers zone.
17:14 of 2nd period - Wrist shot by Valtteri Filppula.
17:14 of 2nd period - Stopped by Jonathan Quick with a rebound.
17:16 of 2nd period - Slapshot by Erik Gudbranson.
17:16 of 2nd period - Deflect By Josh Bailey.
17:16 of 2nd period - Shot Misses the Net.
17:16 of 2nd period - Puck is out of play.
17:17 of 2nd period - Jordan Eberle wins face-off versus Anze Kopitar in Los Angeles Kings zone.
17:27 of 2nd period - Off-side.
17:28 of 2nd period - Connor McDavid wins face-off versus Anze Kopitar in neutral zone.
17:59 of 2nd period - Snap shot by Nick Shore.
17:59 of 2nd period - Stopped by Kari Lehtonen with a rebound.
18:01 of 2nd period - Slapshot by Alex Iafallo.
18:01 of 2nd period - Deflect By Nick Shore.
18:01 of 2nd period - Stopped by Kari Lehtonen with a rebound.
18:03 of 2nd period - Wrist shot by Oscar Fantenberg.
18:03 of 2nd period - Shot Blocked by Tobias Rieder.
18:21 of 2nd period - Tanner Pearson is hit by Sam Gagner and loses puck.
18:26 of 2nd period - Wrist shot by Sam Gagner.
18:26 of 2nd period - Stopped by Jonathan Quick without a rebound.
18:27 of 2nd period - Connor McDavid wins face-off versus Anze Kopitar in Los Angeles Kings zone.
18:58 of 2nd period - Snap shot by Tyler Pitlick.
18:58 of 2nd period - Shot Misses the Net.
19:00 of 2nd period - Slapshot by Brandon Davidson.
19:00 of 2nd period - Shot Blocked by Ryan Murphy.
19:02 of 2nd period - Wrist shot by Milan Lucic.
19:02 of 2nd period - Shot Misses the Net.
19:04 of 2nd period - Slapshot by Brandon Davidson.
19:04 of 2nd period - Stopped by Jonathan Quick without a rebound.
19:05 of 2nd period - Valtteri Filppula wins face-off versus Anze Kopitar in Los Angeles Kings zone.
19:32 of 2nd period - Jordan Eberle is hit by Drew Doughty and loses puck.
19:53 of 2nd period - Connor McDavid is hit by Kyle Clifford and loses puck.
Goals for this period are 0 for Edmonton Oilers vs 0 for Los Angeles Kings.
Shots for this period are 10 for Edmonton Oilers vs 9 for Los Angeles Kings.

3rd period


0:01 of 3rd period - Anze Kopitar wins face-off versus Drake Caggiula in neutral zone.
0:01 of 3rd period - Anze Kopitar is hit by Tyler Pitlick.
0:29 of 3rd period - Icing by Erik Gustafsson.
0:30 of 3rd period - Sam Gagner wins face-off versus Tanner Pearson in Edmonton Oilers zone.
0:35 of 3rd period - Slapshot by Zach Werenski.
0:35 of 3rd period - Shot Misses the Net.
0:45 of 3rd period - Joel Armia is hit by Jake Muzzin and loses puck.
1:01 of 3rd period - Marian Gaborik is hit by Tobias Rieder and loses puck.
1:06 of 3rd period - Slapshot by Joel Armia.
1:06 of 3rd period - Shot Blocked by Gustav Forsling.
1:20 of 3rd period - Backhand shot by Joel Armia.
1:20 of 3rd period - Shot Blocked by Marian Gaborik.
1:22 of 3rd period - Snap shot by Sam Gagner.
1:22 of 3rd period - Shot Misses the Net.
1:24 of 3rd period - Slapshot by Tobias Rieder.
1:24 of 3rd period - Stopped by Jonathan Quick without a rebound.
1:25 of 3rd period - Anze Kopitar wins face-off versus Drake Caggiula in Los Angeles Kings zone.
1:25 of 3rd period - Anze Kopitar is hit by Drake Caggiula.
1:35 of 3rd period - Wrist shot by Dustin Brown.
1:35 of 3rd period - Shot Misses the Net.
1:49 of 3rd period - Jordan Eberle is hit by Alex Iafallo and loses puck.
2:16 of 3rd period - Josh Bailey is hit by Kyle Clifford and loses puck.
2:41 of 3rd period - Slapshot by Trevor Lewis.
2:41 of 3rd period - Stopped by Kari Lehtonen without a rebound.
2:42 of 3rd period - Connor McDavid wins face-off versus Anze Kopitar in Edmonton Oilers zone.
2:49 of 3rd period - Snap shot by Connor McDavid.
2:49 of 3rd period - Shot Blocked by Dustin Brown.
3:09 of 3rd period - Adrian Kempe is hit by Valtteri Filppula and loses puck.
4:23 of 3rd period - Gustav Forsling is hit by Brock Nelson and loses puck.
4:30 of 3rd period - Snap shot by Josh Bailey.
4:30 of 3rd period - Goal by Josh Bailey - Edmonton Oilers : 1 - Los Angeles Kings : 0.
4:31 of 3rd period - Anze Kopitar wins face-off versus Valtteri Filppula in neutral zone.
4:33 of 3rd period - Off-side.
4:34 of 3rd period - Anze Kopitar wins face-off versus Valtteri Filppula in neutral zone.
4:45 of 3rd period - Slapshot by Valtteri Filppula.
4:45 of 3rd period - Goal by Valtteri Filppula - Edmonton Oilers : 2 - Los Angeles Kings : 0.
4:46 of 3rd period - Connor McDavid wins face-off versus Jeff Carter in neutral zone.
6:10 of 3rd period - Tobias Rieder is hit by Jeff Carter.
6:29 of 3rd period - Wrist shot by Anze Kopitar.
6:29 of 3rd period - Stopped by Kari Lehtonen without a rebound.
6:30 of 3rd period - Anze Kopitar wins face-off versus Drake Caggiula in Edmonton Oilers zone.
6:40 of 3rd period - Minor Penalty to Oscar Fantenberg for Holding.
6:41 of 3rd period - Dustin Brown wins face-off versus Connor McDavid in Los Angeles Kings zone.
6:41 of 3rd period - Dustin Brown is hit by Jake DeBrusk.
7:06 of 3rd period - Gustav Forsling is hit by Jordan Oesterle and loses puck.
8:29 of 3rd period - Ryan Murphy is hit by Brock Nelson and loses puck.
8:40 of 3rd period - Penalty to Oscar Fantenberg is over, Oscar Fantenberg is back on ice.
8:46 of 3rd period - Oscar Fantenberg is hit by Milan Lucic.
8:50 of 3rd period - Erik Gustafsson is hit by Kyle Clifford and loses puck.
9:34 of 3rd period - Joel Armia is hit by Adrian Kempe and loses puck.
9:47 of 3rd period - Brock Nelson is hit by Tanner Pearson and loses puck.
10:03 of 3rd period - Icing by Jordan Oesterle.
10:04 of 3rd period - Connor McDavid wins face-off versus Kyle Clifford in Edmonton Oilers zone.
10:27 of 3rd period - Sam Gagner is hit by Dustin Brown and loses puck.
11:12 of 3rd period - Minor Penalty to Tanner Pearson for Hooking.
11:13 of 3rd period - Connor McDavid wins face-off versus Dustin Brown in Los Angeles Kings zone.
11:20 of 3rd period - Slapshot by Connor McDavid.
11:20 of 3rd period - Shot Misses the Net.
13:12 of 3rd period - Penalty to Tanner Pearson is over, Tanner Pearson is back on ice.
13:35 of 3rd period - Jake Muzzin is hit by Milan Lucic and loses puck.
14:22 of 3rd period - Off-side.
14:23 of 3rd period - Drake Caggiula wins face-off versus Nick Shore in neutral zone.
14:30 of 3rd period - Snap shot by Drake Caggiula.
14:30 of 3rd period - Stopped by Jonathan Quick with a rebound.
14:37 of 3rd period - Snap shot by Alex Iafallo.
14:37 of 3rd period - Deflect By Nick Shore.
14:37 of 3rd period - Shot Blocked by Milan Lucic.
14:37 of 3rd period - Puck is out of play.
14:38 of 3rd period - Connor McDavid wins face-off versus Anze Kopitar in Edmonton Oilers zone.
14:47 of 3rd period - Snap shot by Jordan Eberle.
14:47 of 3rd period - Shot Blocked by Dustin Brown.
14:49 of 3rd period - Wrist shot by Jake DeBrusk.
14:49 of 3rd period - Stopped by Jonathan Quick with a rebound.
15:07 of 3rd period - Snap shot by Valtteri Filppula.
15:07 of 3rd period - Shot Misses the Net.
15:43 of 3rd period - Wrist shot by Jake DeBrusk.
15:43 of 3rd period - Shot Misses the Net.
16:05 of 3rd period - Snap shot by Josh Bailey.
16:05 of 3rd period - Stopped by Jonathan Quick with a rebound.
16:25 of 3rd period - Snap shot by Alex Iafallo.
16:25 of 3rd period - Shot Misses the Net.
16:27 of 3rd period - Wrist shot by Adrian Kempe.
16:27 of 3rd period - Shot Misses the Net.
16:29 of 3rd period - Slapshot by Jake Muzzin.
16:29 of 3rd period - Shot Misses the Net.
16:31 of 3rd period - Wrist shot by Adrian Kempe.
16:31 of 3rd period - Shot Misses the Net.
16:33 of 3rd period - Snap shot by Nick Shore.
16:33 of 3rd period - Goal by Nick Shore - Edmonton Oilers : 2 - Los Angeles Kings : 1.
16:34 of 3rd period - Nick Shore wins face-off versus Sam Gagner in neutral zone.
16:38 of 3rd period - Minor Penalty to Joel Armia for Goalie Interference.
16:39 of 3rd period - Connor McDavid wins face-off versus Jeff Carter in Edmonton Oilers zone.
16:50 of 3rd period - Slapshot by Jake Muzzin.
16:50 of 3rd period - Stopped by Kari Lehtonen without a rebound.
16:51 of 3rd period - Valtteri Filppula wins face-off versus Tanner Pearson in Edmonton Oilers zone.
17:35 of 3rd period - Connor McDavid is hit by Marian Gaborik and loses puck.
18:38 of 3rd period - Penalty to Joel Armia is over, Joel Armia is back on ice.
18:50 of 3rd period - Joel Armia is hit by Derek Dorsett and loses puck.
18:53 of 3rd period - Los Angeles Kings, Jonathan Quick is pulled from the net.
19:08 of 3rd period - Oscar Fantenberg is hit by Tobias Rieder and loses puck.
19:15 of 3rd period - Joel Armia is hit by Marian Gaborik and loses puck.
19:32 of 3rd period - Wrist shot by Dustin Brown.
19:32 of 3rd period - Stopped by Kari Lehtonen without a rebound.
19:33 of 3rd period - Darryl Sutter call a timeout for Los Angeles Kings.
19:33 of 3rd period - Connor McDavid wins face-off versus Anze Kopitar in Edmonton Oilers zone.
Goals for this period are 2 for Edmonton Oilers vs 1 for Los Angeles Kings.
Shots for this period are 6 for Edmonton Oilers vs 5 for Los Angeles Kings.